 Dungeon Crawl Stone Soup version 0.22-a0-782-g038298e (webtiles) character file.

51 Omega the Vexing (level 4, 0/25 HPs)
             Began as a Kobold Arcane Marksman on July 20, 2018.
             Slain by an adder (3 damage)
             ... on level 2 of the Dungeon.
             The game lasted 00:03:15 (894 turns).

Omega the Vexing (Kobold Arcane Marksman)            Turns: 894, Time: 00:03:16

Health: 0/25       AC:  2    Str:  7    XL:     4   Next: 5%
Magic:  5/5        EV: 16    Int: 14    God:
Gold:   96         SH:  0    Dex: 16    Spells: 4/5 levels left

rFire    . . .     SeeInvis .   a - +0 hand crossbow
rCold    . . .     Gourm    .   (shield restricted)
rNeg     . . .     Faith    .   e - +0 robe
rPois    .         Spirit   .   (no helmet)
rElec    .         Reflect  .   (no cloak)
rCorr    .         Harm     .   (no gloves)
MR       .....                  (no boots)
Stlth    +.........             (no amulet)
HPRegen  0.08/turn              (no ring)
MPRegen  0.09/turn              (no ring)

@: lethally poisoned (0 -> -4)
A: small, carnivore
a: no special abilities


You were on level 2 of the Dungeon.
You were not hungry.

You visited 1 branch of the dungeon, and saw 2 of its levels.

You collected 96 gold pieces.

Inventory:

Hand Weapons
 a - a +0 hand crossbow (weapon)
Missiles
 d - 24 bolts (quivered)
Armour
 e - a +0 robe (worn)
Jewellery
 o - an uncursed ring of poison resistance {unknown}
Scrolls
 b - a scroll of identify {unknown}
 i - a scroll of remove curse {unknown}
 j - 2 scrolls of teleportation {unknown}
 m - a scroll of enchant armour {unknown}
Potions
 c - a potion of berserk rage {unknown}
 g - a potion of ambrosia {unknown}
 h - a potion of heal wounds {unknown}
 k - 3 potions of curing {unknown}
 l - a potion of flight {unknown}
 n - a potion of might {unknown}
 p - 2 potions of cancellation {unknown}
Comestibles
 f - 3 rations


   Skills:
 + Level 1.4 Fighting
 + Level 3.6 Crossbows
 + Level 2.9 Dodging
 + Level 1.1 Spellcasting
 + Level 3.6 Hexes


You had 4 spell levels left.
You knew the following spells:

 Your Spells              Type           Power        Failure   Level  Hunger
a - Corona                Hex            ##.....      6%          1    ##.....

Your spell library contained the following spells:

 Spells                   Type           Power        Failure   Level  Hunger
 Cause Fear               Hex            ##........   50%         4    #####..
 Slow                     Hex            ##......     9%          2    ###....
 Portal Projectile        Hex/Tloc       #.....       36%         3    ####...
 Leda's Liquefaction      Hex/Erth       #.........   77%         4    #####..
 Inner Flame              Hex/Fire       #.......     36%         3    ####...


Dungeon Overview and Level Annotations

Branches:
Dungeon (2/15)

Altars:
Uskayaw
Xom


Innate Abilities, Weirdness & Mutations

You are small and have problems with some larger weapons.
You are carnivorous and can eat meat at any time.


Message History

The quokka barely misses you.
You feel sick. The giant cockroach closely misses you.
The adder barely misses you.
The giant cockroach bites you but does no damage.
You feel sick. The adder barely misses you. The giant cockroach misses you.
You feel sick.
The giant cockroach bites you but does no damage.
The adder completely misses you.
You feel sick. The giant cockroach misses you. The adder completely misses you.
You feel sick.
You are no longer poisoned.
The quokka twitches its whiskers.
The adder bites you.
* * * LOW HITPOINT WARNING * * *
You are lethally poisoned!
The adder poisons you! The adder bites you.
You die...

###.........#≈..≈.....###
##..####......♣≈≈_...#..#
#..## #....#.≈^..≈._≈#.#
..## #....##.≈..≈..##.#
### #.....##♣..≈####.#
......# ##.###..(#
####### #......##
#######......#
#.....@s.....##
#.#####Sr.....#
#r......### #
#...........# .
#.......###.# ..
#...........# ...
#....8.8.8..# ....
##....(.....# ..((.
######...(......#


You could see an adder, a quokka, a giant cockroach and a rat.

Vanquished Creatures
  An adder (D:2)
  A worm (D:2)
  2 dart slugs (D:1)
  3 leopard geckos (D:1)
  2 bats (D:1)
  A giant cockroach (D:2)
  4 goblins
  5 hobgoblins
  2 jackals (D:1)
  3 kobolds
  A ball python (D:1)
  2 frilled lizards (D:1)
  A rat (D:1)
28 creatures vanquished.

Notes
Turn   | Place    | Note
-------+----------+-------------------------------------------
     0 | D:1      | Omega the Kobold Arcane Marksman began the quest for the Orb.
     0 | D:1      | Reached XP level 1. HP: 12/12 MP: 2/2
    76 | D:1      | Reached XP level 2. HP: 14/16 MP: 3/3
   336 | D:1      | Reached XP level 3. HP: 20/20 MP: 4/4
   815 | D:2      | Found a shimmering altar of Xom.
   815 | D:2      | Found a shimmering altar of Xom.
   815 | D:2      | Found a shimmering altar of Xom.
   831 | D:2      | Found a hide-covered altar of Uskayaw.
   874 | D:2      | Reached XP level 4. HP: 18/25 MP: 5/5
   894 | D:2      | Slain by an adder

Vault maps used:
D:1:      lemuel_arrival_funnel, hex_large
D:2:      eat_drink_and_be_merry_uskayaw, nicolae_overflow_crystal_walls,
          xom_redecorated

Skill      XL: |  1  2  3 |
---------------+----------+-----
Crossbows      | 3 |  3.6
Fighting       | |  1.4
Dodging        | |  2.9
Spellcasting   | |  1.1
Hexes          | |  3.6

Action                   |  1- 3 |  4- 6 || total
-------------------------+-------+-------++-------
 Fire: Hand crossbow     |    67 |     3 ||    70
Armor: Robe              |     3 |     4 ||     7
Dodge: Dodged            |    21 |    13 ||    34

Table legend:
 A = Spawn XP
 B = Non-spawn XP
 C = Spawn XP percentage of total XP
 D = Spawn monster count
 E = Non-spawn monster count
 F = Spawn count percentage of total count
 G = Total turns spent on level
                    A         B        C        D         E        F      G
               +---------+---------+-------+---------+---------+-------+---------
         Total |       0 |      73 |   0.0 |       0 |      28 |   0.0 |   894
               +---------+---------+-------+---------+---------+-------+---------
           D:1 |       0 |      45 |   0.0 |       0 |      21 |   0.0 |   717
           D:2 |       0 |      28 |   0.0 |       0 |       7 |   0.0 |   177
               +---------+---------+-------+---------+---------+-------+---------
